 Dungeon Crawl Stone Soup version 0.32-a0-536-ge1f55a6 (webtiles) character file.

Game seed: 5967228706699582468

87725 LookintoAbyss the Devastator (level 15, -15/84 HPs)
             Began as a Gargoyle Earth Elementalist on Feb 28, 2024.
             Was a High Priest of Sif Muna.
             Killed from afar by Jorgrun (72 damage)
             ... with an iron shot
             ... on level 12 of the Dungeon.
             The game lasted 01:09:12 (27942 turns).

LookintoAbyss the Devastator (GrEE)                Turns: 27942, Time: 01:09:12

Health: -15/84     AC: 20    Str: 16    XL:     15   Next: 91%
Magic:  35/43      EV: 11    Int: 20    God:    Sif Muna [*****.]
Gold:   836        SH:  5    Dex: 10    Spells: 24/44 levels left

rFire   . . .        b - staff of cold
rCold   + + +        P - +0 buckler {rC+}
rNeg    + + .        M - +0 troll leather armour
rPois   ∞            N - +2 helmet {SInv}
rElec   +            v - +0 cloak
rCorr   .            n - +0 pair of gloves
SInv    +            (no boots)
Will    +....        s - amulet of Anuasore {Regen+ Str+4}
Stlth   ++++         R - ring of Mirun {rC++ rN+ MP+9 Int-3}
HPRegen 1.94/turn    u - ring of wizardry
MPRegen 0.28/turn

%: wizardry (x1)
@: flying
A: sickness immunity, AC +11, big wings, negative energy resistance 1,
electricity resistance, torment resistance 1, petrification resistance
a: Renounce Religion, Channel Magic, Forget Spell, Divine Exegesis


You were on level 12 of the Dungeon.
You worshipped Sif Muna.
Sif Muna was extremely pleased with you.
You visited 4 branches of the dungeon, and saw 20 of its levels.
You also visited: Ice Cave.

You collected 2014 gold pieces.
You spent 1178 gold pieces at shops.

Inventory:

Armour
 n - a +0 pair of gloves (worn)
 v - a +0 cloak (worn)
 D - a +2 robe of resistance
 M - a +0 troll leather armour (worn)
 N - a +2 helmet of see invisible (worn)
 P - a +0 buckler of cold resistance (worn)
Magical Staves
 b - a staff of cold (weapon)
Jewellery
 m - a ring of willpower
 s - the amulet of Anuasore (around neck) {Regen+ Str+4}
   (You acquired it on level 2 of the Lair of Beasts)

   [amulet of regeneration]

   Str+4:     It affects your strength (+4).
   Regen+:    It increases your rate of health regeneration.
 u - a ring of wizardry (right hand)
 H - a ring of ice
 R - the ring of Mirun (left hand) {rC++ rN+ MP+9 Int-3}
   (You found it in an ice cave)

   [ring of positive energy]

   Int-3:     It affects your intelligence (-3).
   rC++:      It greatly protects you from cold.
   rN+:       It protects you from negative energy.
   MP+9:      It affects your magic capacity (+9).
Wands
 g - a wand of paralysis (4)
 q - a wand of flame (63)
Scrolls
 a - 2 scrolls of brand weapon
 e - 3 scrolls of enchant armour
 h - 5 scrolls of blinking
 j - 6 scrolls of fog
 l - 4 scrolls of enchant weapon
 r - a scroll of revelation
 y - 2 scrolls of identify
 z - 10 scrolls of teleportation
 E - a scroll of amnesia
 I - 5 scrolls of immolation
Potions
 c - 4 potions of curing
 d - a potion of attraction
 f - 2 potions of resistance
 i - 2 potions of invisibility
 k - 2 potions of heal wounds
 o - 2 potions of brilliance
 p - 3 potions of mutation
 t - 3 potions of cancellation
 w - a potion of lignification
 x - 5 potions of ambrosia
 A - 2 potions of berserk rage
 B - a potion of haste
 G - a potion of magic
 L - 2 potions of enlightenment
 O - a potion of might


   Skills:
 - Level 6.0 Fighting
 - Level 6.0 Armour
 - Level 1.5 Dodging
 - Level 12.0 Stealth
 - Level 6.0 Shields
 - Level 15.0 Spellcasting
 * Level 15.7 Conjurations
 - Level 10.0 Earth Magic
 - Level 10.0 Invocations


You had 24 spell levels left.
You knew the following spells:

 Your Spells              Type           Power      Damage    Failure   Level
a - Sandblast             Erth           100%       2d20      1%          1
b - Passwall              Erth           53%        N/A       1%          3
c - Stone Arrow           Conj/Erth      100%       3d13      1%          3
d - Iskenderun's Mystic   Conj/Tloc      46%        2d10      1%          4
e - Irradiate             Conj/Alch      23%        3d19      2%          5
f - Brom's Barrelling Bo  Conj/Erth      61%        2d8       1%          4

Your spell library contained the following spells:

 Spells                   Type           Power      Damage    Failure   Level
 Foxfire                  Conj/Fire      100%       2x1d9     1%          1
 Kiss of Death            Conj/Necr      100%       2d13      1%          1
 Hailstorm                Conj/Ice       63%        3d12      1%          3
 Fulminant Prism          Conj/Alch      23%        3d12      1%          4
 Iskenderun's Battlesphe  Conj           67%        2d12      1%          5
 Lee's Rapid Deconstruct  Erth           26%        3d14*     1%          5
 Bombard                  Conj/Erth      30%        9d5       1%          6
 Apportation              Tloc           30%        N/A       2%          1
 Freeze                   Ice            88%        1d9       2%          1
 Slow                     Hex            60%        N/A       2%          1
 Arcjolt                  Conj/Air       23%        1d33      2%          5
 Animate Armour           Summ/Erth      70%        N/A       3%          4
 Petrify                  Alch/Erth      35%        N/A       3%          4
 Call Imp                 Summ           30%        N/A       4%          2
 Jinxbite                 Hex            30%        N/A       4%          2
 Confusing Touch          Hex            15%        N/A       8%          3
 Frozen Ramparts          Ice            44%        1d7       8%          3
 Gell's Gravitas          Tloc           15%        N/A       8%          3
 Inner Flame              Hex/Fire       15%        N/A       8%          3
 Sigil of Binding         Hex            15%        N/A       8%          3
 Summon Ice Beast         Ice/Summ       22%        N/A       8%          3
 Teleport Other           Tloc           15%        N/A       8%          3
 Vampiric Draining        Necr           15%        2d7       8%          3
 Volatile Blastmotes      Fire/Tloc      30%        2d12      8%          3
 Borgnjor's Vile Clutch   Necr/Erth      17%        N/A       9%          5
 Freezing Cloud           Conj/Ice/Air   26%        6-21      9%          5
 Conjure Ball Lightning   Conj/Air       23%        3x3d6     16%         6
 Dispel Undead            Necr           15%        3d10      24%         4
 Manifold Assault         Tloc           15%        N/A       24%         4
 Martyr's Knell           Necr/Summ      15%        N/A       24%         4
 Alistair's Intoxication  Alch           10%        N/A       52%         5
 Death Channel            Necr           7%         N/A       97%         6
 Dispersal                Tloc           7%         N/A       97%         6
 Sculpt Simulacrum        Ice/Alch       11%        N/A       97%         6
 Summon Hydra             Summ           7%         N/A       100%        7
 Disjunction              Tloc           7%         N/A       100%        8
 Ignition                 Fire           7%         3d5       100%        8
 Chain Lightning          Conj/Air       23%        3d30      100%        9
 Shatter                  Erth           26%        3d22*     100%        9
 Cigotuvi's Dreadful Rot  Necr/Alch/Air  Unusable   N/A       N/A         2
 Sublimation of Blood     Necr           Unusable   N/A       N/A         2

Dungeon Overview and Level Annotations

Branches:
Dungeon (12/15) Zot: 26336  Temple (1/1) D:6 Zot: 5973    Lair (5/5) D:8 Zot: 20273
 Shoals (0/4) Lair:3        Snake (0/4) Lair:3        Slime (0/5) Lair:5
    Orc (2/2) D:12 Zot: 7989     Elf (0/3) Orc:2         IceCv (visited)

Altars:
Ashenzari
Cheibriados
Dithmenos
Elyvilon
Fedhas
Gozag
Hepliaklqana
Kikubaaqudgha
Makhleb
Nemelex Xobeh
Okawaru
Qazlal
Ru
Sif Muna
Trog
Uskayaw
Vehumet
Wu Jian
Xom
Yredelemnul
Zin
The Shining One
Beogh

Shops:
Orc:2 ((*[(

Annotations:
D:12 Azrael; Jorgrun
Lair:2 2 transporters, Zotyuqur's ghost, journeyman MfIE
Orc:1 1 runed translucent door, Lovepenguin's ghost, journeyman OnFE


Innate Abilities, Weirdness & Mutations

You are immune to sickness and miasma.
Your stone body is resilient. (AC +11)
You are immune to poison.
Your large and strong wings let you fly.
You resist negative energy. (rN+)
You are resistant to electric shocks. (rElec)
You are resistant to unholy torment.
You are immune to petrification.


Message History

You can't go down here!
MP Full (43)
There is a stone staircase leading down here.
You fly downwards.
Level annotation: Azrael; Jorgrun
There is a stone staircase leading up here.
Casting: Stone Arrow (safe; 1% risk of failure)
Confirm with . or Enter, or press ? or * to list all spells.
Aiming: Stone Arrow (safe; 1% risk of failure)
Press: ? - help, Shift-Dir - straight line, f - Jorgrun
Aim: Jorgrun, wielding a staff of earth and wearing a +0 robe of positive energy (63% to hit)
The stone arrow hits Jorgrun!
Jorgrun is lightly wounded.
You lose 3MP, and have [40/43] MP
Casting: Stone Arrow (safe; 1% risk of failure)
Confirm with . or Enter, or press ? or * to list all spells.
Aiming: Stone Arrow (safe; 1% risk of failure)
Press: ? - help, Shift-Dir - straight line, f/p - Jorgrun
Aim: Jorgrun, wielding a staff of earth and wearing a +0 robe of positive energy (lightly wounded, 63% to hit)
The stone arrow hits Jorgrun!!
Jorgrun is moderately wounded.
Jorgrun casts a spell at you. You resist with significant effort.
You lose 3MP, and have [37/43] MP
Casting: Stone Arrow (safe; 1% risk of failure)
Confirm with . or Enter, or press ? or * to list all spells.
Aiming: Stone Arrow (safe; 1% risk of failure)
Press: ? - help, Shift-Dir - straight line, f/p - Jorgrun
Aim: Jorgrun, wielding a staff of earth and wearing a +0 robe of positive energy (moderately wounded, 63% to hit)
The stone arrow misses Jorgrun.
Jorgrun casts a spell at you.
You shatter!!
You hear a bark!
You take 29 HP, and have [55/84] HP !!!!!
HP Warning !!!!!
You lose 3MP, and have [34/43] MP Jorgrun points at you and mumbles some strange words.
The iron shot hits you!!!!
Ouch! That really hurt!
You die...

.K##...#.##.###
#..)K....##.############## #
#.....##..#.....#.....##
####......##..............##
..##..#.#..#...............#
.............K.......[..)..#
..........[#..g............#
###.......)................#
##...[.....#....@..........#
##.........##.....<.......##
...........##......>.....##
....##.######>############
..####.# #..# ..# #.# ##.#
..# #.. #.# ..# ## #.# ○.#
#.#


You could see Jorgrun and a kobold brigand.

Vanquished Creatures
  Kirke (Lair:3)
  2 orc warlords
  An ettin (Orc:2)
  Fannar (Lair:2)
  3 hydras
  2 boulder beetles
  4 two-headed ogres
  12 death yaks
  An orc high priest (Orc:2)
  4 skysharks
  Nergalle (D:11)
  Amaemon (Lair:2)
  Pikel (D:8)
  7 orc knights
  A necromancer (IceCv)
  Maurice (D:8)
  6 orc sorcerers
  4 cyclopes
  7 elephants
  An ice statue (IceCv)
  3 kobold blastminers
  4 black mambas
  5 gargoyles
  A torpor snail (Lair:2)
  An orange demon (Lair:2)
  22 cane toads
  2 kobold demonologists (D:12)
  A merfolk siren (Lair:3)
  3 rime drakes
  An unseen horror (D:12)
  13 ice devils (IceCv)
  8 komodo dragons
  4 anaconda simulacra (IceCv)
  Psyche (D:8)
  4 trolls
  6 polar bears
  Prince Ribbit (D:7)
  2 hornets (D:8)
  6 saltlings
  7 dream sheep
  A tyrant leech (Lair:5)
  31 blink frogs
  Sigmund (D:6)
  A vampire (D:11)
  6 fire bats (D:11)
  11 wyverns
  47 yaks
  A dire elephant simulacrum (IceCv)
  2 fire elementals (D:12)
  6 hogs (Lair:3)
  4 steam dragons
  A wraith (D:10)
  3 basilisks
  Grum (D:8)
  3 wargs
  8 vampire mosquitoes
  Menkaure (D:7)
  5 death yak simulacra (IceCv)
  3 harpy simulacra (IceCv)
  2 nagas (Lair:3)
  2 hydra simulacra (IceCv)
  2 hell hounds
  18 water moccasins
  15 orc warriors
  10 black bears
  An ice beast (D:7)
  6 ogres
  20 wolves
  11 centaurs
  A phantom (D:5)
  A lemure (D:8)
  2 kobold brigands
  Blork the orc (D:5)
  24 bullfrogs
  7 gnoll sergeants
  4 cane toad simulacra (IceCv)
  A scorpion (Lair:3)
  5 wights
  3 elephant simulacra (IceCv)
  5 killer bees
  2 electric eels (Lair:5)
  2 howler monkeys (D:12)
  2 bombardier beetles
  A crimson imp (D:3)
  7 jellies
  13 orc priests
  2 gnoll boudas
  3 hounds
  A sleepcap (D:8)
  Ijyb (D:3)
  Natasha (thrice) (D:4)
  2 iguanas
  12 orc wizards
  5 polar bear simulacra (IceCv)
  2 spriggan simulacra (IceCv)
  3 wolf simulacra (IceCv)
  2 hound zombies (D:3)
  A howler monkey zombie (D:3)
  11 gnolls
  7 adders
  A naga simulacrum (IceCv)
  4 white imps
  3 ufetubi
  A dart slug (D:1)
  A ribbon worm (D:4)
  55 orcs
  13 ball pythons
  4 bats
  6 endoplasms
  5 giant cockroaches
  7 goblins
  8 hobgoblins
  4 jackals
  5 quokkas
  5 frilled lizards
  17 kobolds
  4 rats
658 creatures vanquished.

Vanquished Creatures (others)
  A white imp (IceCv)
  An orc (Orc:1)
2 creatures vanquished.

Grand Total: 660 creatures vanquished

Notes
Turn   | Place    | Note
-------+----------+-------------------------------------------
     0 | D:1      | LookintoAbyss the Gargoyle Earth Elementalist began the
                  | quest for the Orb.
     0 | D:1      | Reached XP level 1. HP: 10/10 MP: 3/3
   127 | D:1      | Reached XP level 2. HP: 16/16 MP: 1/5
   243 | D:1      | Reached skill level 1 in Fighting
   738 | D:1      | Reached XP level 3. HP: 20/20 MP: 3/6
   852 | D:1      | Learned a level 3 spell: Passwall
  1685 | D:2      | Reached skill level 5 in Earth Magic
  1949 | D:3      | Reached XP level 4. HP: 21/25 MP: 7/7
  2319 | D:3      | Reached XP level 5. HP: 29/29 MP: 2/8
  2323 | D:3      | Noticed Ijyb
  2328 | D:3      | Killed Ijyb
  2393 | D:3      | Found a basalt altar of Yredelemnul.
  2507 | D:3      | Learned a level 3 spell: Stone Arrow
  2604 | D:3      | Found a burning altar of Makhleb.
  2615 | D:3      | Found a radiant altar of Vehumet.
  2774 | D:4      | Noticed an ogre
  2778 | D:4      | Killed an ogre
  2779 | D:4      | Reached XP level 6. HP: 34/34 MP: 6/9
  3033 | D:4      | Noticed Natasha
  3034 | D:4      | Killed Natasha
  3181 | D:4      | Noticed Natasha
  3195 | D:5      | Entered Level 5 of the Dungeon
  3681 | D:4      | Killed Natasha
  3717 | D:4      | Reached XP level 7. HP: 38/38 MP: 8/10
  3747 | D:4      | Noticed Natasha
  3753 | D:4      | Killed Natasha
  4161 | D:5      | Noticed Blork the orc
  4166 | D:5      | Killed Blork the orc
  4240 | D:5      | Reached skill level 10 in Earth Magic
  4273 | D:5      | Reached XP level 8. HP: 46/46 MP: 6/11
  4381 | D:5      | Reached skill level 5 in Stealth
  4911 | D:6      | Reached skill level 5 in Conjurations
  4914 | D:6      | Noticed Sigmund
  5038 | D:6      | Reached XP level 9. HP: 50/50 MP: 8/12
  5364 | D:6      | Found a staircase to the Ecumenical Temple.
  5402 | Temple   | Entered the Ecumenical Temple
  5415 | Temple   | Became a worshipper of Sif Muna the Loreminder
  5452 | D:6      | Killed Sigmund
  5642 | D:7      | Noticed Prince Ribbit
  5644 | D:7      | Killed Prince Ribbit
  5955 | D:7      | Reached * piety under Sif Muna
  5956 | D:7      | Reached skill level 10 in Conjurations
  5956 | D:7      | Reached skill level 1 in Invocations
  6257 | D:7      | Noticed Menkaure
  6258 | D:7      | Killed Menkaure
  6678 | D:8      | Noticed Psyche
  6680 | D:8      | Killed Psyche
  6681 | D:8      | Reached XP level 10. HP: 56/56 MP: 9/14
  6725 | D:8      | Reached skill level 5 in Invocations
  6843 | D:8      | Noticed Maurice
  7349 | D:9      | Noticed a two-headed ogre
  7353 | D:9      | Killed a two-headed ogre
  7354 | D:9      | Reached skill level 5 in Spellcasting
  7449 | D:8      | Found a staircase to the Lair.
  7461 | D:8      | Killed Maurice
  7521 | D:8      | Reached XP level 11. HP: 60/60 MP: 16/19
  7673 | D:8      | Noticed Pikel
  7688 | D:8      | Killed Pikel
  7878 | D:8      | Noticed Grum
  7891 | D:8      | Killed Grum
  7891 | D:8      | Reached ** piety under Sif Muna
  8631 | D:9      | Learned a level 4 spell: Petrify
  8899 | D:10     | Entered Level 10 of the Dungeon
  8899 | D:10     | Found an ancient bone altar of Kikubaaqudgha.
  9028 | D:10     | Noticed a cyclops
  9053 | D:10     | Killed a cyclops
  9057 | D:10     | Reached skill level 10 in Invocations
  9210 | D:9      | Reached *** piety under Sif Muna
  9380 | D:10     | Found a bloodstained altar of Trog.
  9380 | D:10     | Found a white marble altar of Elyvilon.
 10516 | D:11     | Noticed a two-headed ogre
 10520 | D:11     | Killed a two-headed ogre
 10522 | D:11     | Noticed Nergalle
 10533 | D:11     | Killed Nergalle
 10534 | D:11     | Reached XP level 12. HP: 37/64 MP: 2/25
 10844 | D:11     | Reached skill level 10 in Spellcasting
 10874 | D:11     | Learned a level 5 spell: Irradiate
 10893 | D:11     | Reached skill level 1 in Armour
 11065 | D:11     | Noticed a boulder beetle
 11154 | D:11     | Killed a boulder beetle
 11366 | D:11     | Reached skill level 5 in Fighting
 11924 | D:11     | Reached **** piety under Sif Muna
 11926 | D:11     | Noticed a hell knight
 12057 | D:12     | Found a staircase to the Orcish Mines.
 12112 | D:12     | Identified the +1 ring mail of Fanaticism {Str+6 Int-4}
 12173 | D:12     | Noticed Azrael
 12275 | Lair:1   | Entered Level 1 of the Lair of Beasts
 12453 | Lair:1   | Noticed a death yak
 12461 | Lair:1   | Reached skill level 5 in Armour
 12482 | Lair:1   | Noticed a death yak
 12483 | Lair:1   | Noticed a death yak
 12532 | Lair:1   | Killed a death yak
 12856 | Lair:1   | Learned a level 4 spell: Brom's Barrelling Boulder
 13513 | Lair:1   | Reached XP level 13. HP: 73/74 MP: 27/27
 13985 | Lair:1   | HP: 2/74 [death yak (15)]
 14310 | Lair:2   | Identified 2 scrolls of acquirement
 14314 | Lair:2   | Acquired a +2 helmet of see invisible
 14438 | Lair:2   | Noticed Zotyuqur's ghost (journeyman MfIE)
 14474 | Lair:2   | Found a transporter.
 14482 | Lair:2   | Found a transporter.
 14559 | Lair:2   | Noticed Fannar
 14572 | Lair:2   | Killed Fannar
 14723 | Lair:2   | Noticed Amaemon
 14763 | Lair:2   | Killed Amaemon
 14763 | Lair:2   | Reached ***** piety under Sif Muna
 14954 | Lair:2   | Learned a level 4 spell: Iskenderun's Mystic Blast
 15906 | Lair:3   | Reached skill level 10 in Stealth
 16112 | Lair:3   | Found a staircase to the Snake Pit.
 16421 | Lair:3   | Found a staircase to the Shoals.
 16712 | Lair:3   | Noticed Kirke
 17260 | Lair:3   | Killed Kirke
 17440 | Lair:4   | Gained mutation: Your large and strong wings let you fly.
                  | [Gargoyle growth]
 17440 | Lair:4   | Reached XP level 14. HP: 78/80 MP: 23/28
 17884 | Lair:4   | Reached skill level 15 in Conjurations
 18361 | Lair:5   | Entered Level 5 of the Lair of Beasts
 18379 | Lair:5   | Found a frozen archway.
 18400 | IceCv    | Entered an ice cave
 18555 | IceCv    | Received a gift from Sif Muna
 19035 | IceCv    | Found an ancient bone altar of Kikubaaqudgha.
 19137 | IceCv    | Reached skill level 1 in Shields
 20067 | IceCv    | Identified the ring of Mirun {rC++ rN+ MP+9 Int-3}
 20220 | Lair:5   | Reached skill level 5 in Shields
 21049 | Lair:5   | Received a gift from Sif Muna
 21183 | Lair:5   | Reached XP level 15. HP: 50/84 MP: 30/31
 21244 | Lair:5   | Got Sif Muna's Information on Feathers {god gift}
 22264 | Lair:5   | Found a staircase to the Slime Pits.
 23268 | Lair:5   | Received a gift from Sif Muna
 23269 | Lair:5   | Got Sif Muna's Treatise on Striking {god gift}
 23390 | Lair:4   | Acquired the amulet of Anuasore {Regen+ Str+4}
 23581 | Orc:1    | Entered Level 1 of the Orcish Mines
 23946 | Orc:2    | Entered Level 2 of the Orcish Mines
 23946 | Orc:2    | Found a staircase to the Elven Halls.
 25261 | Orc:2    | Noticed an orc warlord
 25512 | Orc:2    | Found Rumif's Antique Weapon Shop.
 25526 | Orc:2    | Found Poigadgh's Weapon Shop.
 26196 | Orc:1    | Found a runed translucent door.
 26196 | Orc:1    | Found a shimmering altar of Xom.
 26367 | Orc:1    | Noticed Lovepenguin's ghost (journeyman OnFE)
 26611 | Orc:1    | Killed an orc warlord
 26766 | Orc:2    | Reached skill level 15 in Spellcasting
 27038 | Orc:2    | Found Xoaf's Assorted Antiques.
 27044 | Orc:2    | Bought 3 scrolls of fog for 204 gold pieces
 27044 | Orc:2    | Bought a metallic clear potion for 15 gold pieces
 27044 | Orc:2    | Bought a scroll of teleportation for 51 gold pieces
 27044 | Orc:2    | Bought a scroll of teleportation for 51 gold pieces
 27044 | Orc:2    | Bought a scroll of identify for 34 gold pieces
 27057 | Orc:2    | Found Yfoudim's Weapon Shoppe.
 27058 | Orc:2    | Found a roughly hewn altar of Beogh.
 27059 | Orc:2    | Found Xeuxeani's Magic Scroll Shoppe.
 27064 | Orc:2    | Bought a scroll of immolation for 68 gold pieces
 27064 | Orc:2    | Bought a scroll of identify for 34 gold pieces
 27064 | Orc:2    | Bought a scroll of teleportation for 51 gold pieces
 27064 | Orc:2    | Bought a scroll of enchant weapon for 127 gold pieces
 27064 | Orc:2    | Bought a scroll of enchant weapon for 127 gold pieces
 27064 | Orc:2    | Bought a scroll of identify for 34 gold pieces
 27064 | Orc:2    | Bought 3 scrolls of blinking for 382 gold pieces
 27079 | Orc:2    | Noticed an orc warlord
 27139 | Orc:2    | Killed an orc warlord
 27417 | Orc:2    | Found Poritu's Armour Shoppe.
 27620 | D:12     | Received a gift from Sif Muna
 27622 | D:12     | Got Sif Muna's Papyrus of Lithomancy {god gift}
 27744 | D:12     | Noticed Jorgrun
 27942 | D:12     | Killed from afar by Jorgrun

Illustrated notes

Levels and vault maps discovered:
D:1:      eino_arrival_tree_alley, layout_basic
D:2:      layout_loops_ring, chequers_serial_rivers_room_b
D:3:      layout_basic, grunt_temple_overflow_lords_of_destruction,
          nicolae_yredelemnul_corpse_copse, uniq_ijyb
D:4:      layout_basic, uniq_natasha
D:5:      layout_loops_ring, uniq_blork_the_orc
D:6:      layout_rooms, temple_green, uniq_sigmund
D:7:      cheibrodos_quashed, layout_basic, minmay_misc_feat_rows,
          uniq_menkaure, uniq_prince_ribbit1
D:8:      layout_loops_ring, minmay_lair_entry_grove,
          kennysheep_decorative_pillar, kennysheep_generic_room_11, uniq_psyche,
          uniq_pikel, uniq_grum, uniq_maurice
D:9:      layout_rooms, special_room [special_room_orc]
D:10:     layout_small_grid, grunt_temple_overflow_open
D:11:     regret_index_infernal_bastille, layout_long_grid, uniq_nergalle
D:12:     layout_rooms, orc_0_dummy, uniq_jorgrun, uniq_azrael
Temple:   regret_index_temple_sphere_string
Lair:1:   beast_lair_carwin_large_3, layout_concentric_octagons
Lair:2:   layout_cave_pods, gammafunk_ghost_arena, uniq_amaemon, uniq_fannar
Lair:3:   layout_cave_pods, mainiacjoe_shoals_entry_four_pools,
          guppyfry_snake_entry_island, uniq_kirke
Lair:4:   layout_loops_ring
Lair:5:   minmay_lair_end_frog_pond, layout_cave_pods,
          minmay_slime_entry_pillars, portal_ice_cave_rime
Orc:1:    layout_caves, ebering_ghost_xom, abandoned_shop
Orc:2:    hellmonk_orc_salted, layout_caves, serial_shops,
          nicolae_shop_back_alley_shop, nicolae_shop_behind_doors,
          sword_in_stone

Skill      XL: |  1  2  3  4  5  6  7  8  9 10 11 12 13 14 15 |
---------------+----------------------------------------------+-----
Fighting       | 1 3 6 |  6.0
Earth Magic    | 4 5 6 7 9 10 | 10.0
Stealth        | 3 6 11 12 | 12.0
Conjurations   | 6 10 12 14 15 | 15.7
Invocations    | 3 8 10 | 10.0
Spellcasting   | 3 5 9 10 12 15 | 15.0
Armour         | 6 |  6.0
Shields        | 6 |  6.0
Dodging        | |  1.5

Action                     |  1- 3 |  4- 6 |  7- 9 | 10-12 | 13-15 || total
---------------------------+-------+-------+-------+-------+-------++-------
  Melee: Unarmed           |    11 |       |       |       |       ||    11
         Short sword       |       |       |       |     9 |       ||     9
         Rapier            |       |       |       |     1 |     6 ||     7
         Staff             |       |       |       |       |    13 ||    13
   Fire: Hand cannon       |    10 |    58 |    73 |    46 |       ||   187
         Orcbow            |       |       |       |    96 |       ||    96
  Throw: Throwing net      |       |     1 |     1 |     1 |     3 ||     6
         Dart              |       |       |       |     2 |       ||     2
   Cast: Sandblast         |    55 |    27 |    84 |   235 |   262 ||   663
         Stone Arrow       |       |     1 |    11 |    84 |   441 ||   537
         Passwall          |       |       |       |     1 |       ||     1
         Petrify           |       |       |       |     9 |       ||     9
         Irradiate         |       |       |       |     7 |    95 ||   102
         Brom's Barrelling |       |       |       |       |    19 ||    19
         Iskenderun's Myst |       |       |       |       |    13 ||    13
 Invoke: Channel Magic     |       |       |       |       |     5 ||     5
  Evoke: Wand              |       |     3 |     7 |    10 |     4 ||    24
    Use: Scroll            |       |       |     7 |     7 |    30 ||    44
         Potion            |       |       |     1 |       |     1 ||     2
   Stab: Petrified         |       |       |       |     8 |       ||     8
 Armour: Robe              |    26 |    30 |    62 |   220 |    48 ||   386
         Troll leather arm |       |       |       |    34 |   473 ||   507
         Skin              |       |       |       |       |     6 ||     6
  Dodge: Dodged            |    32 |    22 |    56 |   184 |   386 ||   680
         Repelled          |     1 |     2 |     3 |     4 |     7 ||    17
  Block: Buckler           |       |       |       |       |    69 ||    69

Table legend: (Time is in decaauts)
 A = Elapsed time spent in this place.
 B = Non-inter-level travel time spent in this place.
 C = Inter-level travel time spent in this place.
 D = Time resting spent in this place.
 E = Time spent auto-exploring this place.
 F = Levels seen in this place.
 G = Mean time per level.
                   A        B        C        D        E       F      G
               +--------+--------+--------+--------+--------+-----+--------+
         Total |  28554 |  27131 |   1423 |    401 |  21755 |  21 | 1359.7 |
       Dungeon |  13063 |  12336 |    727 |     44 |  10028 |  12 | 1088.6 |
        Temple |     26 |      2 |     24 |      0 |      0 |   1 |   26.0 |
          Lair |   9726 |   9394 |    332 |    140 |   7528 |   5 | 1945.2 |
  Orcish Mines |   4010 |   3670 |    340 |      6 |   3055 |   2 | 2005.0 |
      Ice Cave |   1728 |   1728 |      0 |    211 |   1143 |   1 | 1728.0 |
               +--------+--------+--------+--------+--------+-----+--------+

Top non-repeatable levels by time:
  Lair:5: 2846 daAuts
   Orc:2: 2186 daAuts
    D:11: 2119 daAuts
  Lair:3: 2025 daAuts
  Lair:1: 1928 daAuts
   Orc:1: 1823 daAuts
   IceCv: 1728 daAuts
  Lair:4: 1471 daAuts
  Lair:2: 1454 daAuts
     D:8: 1357 daAuts
    D:10: 1308 daAuts
     D:7: 1263 daAuts
     D:1: 1196 daAuts
     D:4: 1044 daAuts
     D:9: 1021 daAuts
